[Event "*** Titled Tuesday Blitz"]
[Site "Chess.com"]
[Date "2020.05.05"]
[Round "2"]
[White "Herracek"]
[Black "Parhamov"]
[Result "1/2-1/2"]
[WhiteElo "2594"]
[BlackElo "3003"]
[TimeControl "180+1"]
[EndTime "10:19:34 PDT"]
[Termination "Game drawn - insufficient material"]

1. c4 e6 2. Nc3 d5 3. d4 Bb4 4. cxd5 exd5 5. Nf3 Nf6 6. Bg5 O-O 7. e3 h6 8. Bh4 Bf5 9. Qb3 c5 10. dxc5 Nc6 11. Be2 g5 12. Bg3 Ne4 13. O-O Bxc3 14. bxc3 Nxc5 15. Qb5 Ne4 16. Qxb7 Nxc3 17. Qxc6 Nxe2+ 18. Kh1 Nxg3+ 19. hxg3 Rc8 20. Qxh6 f6 21. Rac1 Rf7 22.
Rxc8 Qxc8 23. Nxg5 fxg5 24. Qxg5+ Rg7 25. Qf6 Be4 26.
Kg1 Rg6 27. Qd4 Qc4 28. Qxa7 Ra6 29. Qb8+ Kf7 30. Qf4+ Rf6 31. Qe5 Qe2 32. a4 Bd3 33. Qxd5+ Kg7 34. Qg5+ Kf7 35. Qd5+ Kf8 36. Qc5+ Kg7 37.
Qg5+ Kf7 38. Rc1 Qxf2+ 39. Kh2 Be4 40. Rc7+ Ke6 41. Qg4+ Qf5 42. Qg8+ Rf7 43. Rxf7 Qxf7 44. Qxf7+ Kxf7 45. g4 Kf6 46. Kg3 Kg5 47. a5 Bb7 48.
Kh3 Be4 49. Kg3 Bd5 50. a6 Be4 51. a7 Bd5 52. Kh3 Be4 53. Kg3 Bd5 54. Kf2 Kxg4 55. Ke2 Be4 56. Kd2 Bxg2 57. Kc3 Kf5 58. Kd4 Be4 59.
Kc5 Kg4 60. Kd4 Kf3 61. Kc5 Kxe3 62. a8=B 1/2-1/2

[Event "*** Titled Tuesday Blitz"]
[Site "Chess.com"]
[Date "2020.05.05"]
[Round "2"]
[White "NormWeinstein"]
[Black "kingofkolkata"]
[Result "1-0"]
[WhiteElo "2445"]
[BlackElo "2211"]
[TimeControl "180+1"]
[EndTime "10:19:36 PDT"]
[Termination "NormWeinstein won on time"]

1. e4 e5 2. Nf3 Nc6 3. Bb5 a6 4. Ba4 Nf6 5. O-O Be7 6. d4 b5 7. dxe5 Nxe4 8. Bb3 O-O 9. Bf4 Rb8 10. Re1 Nc5 11.
Bd5 Ne6 12. Bg3 Bb7 13. Nc3 Na5 14. h3 Bxd5 15. Nxd5 Nc4 16. b3 Nb6 17. Ne3 d6 18.
exd6 Bxd6 19. Bxd6 Qxd6 20. Qxd6 cxd6 21. Rad1 Rfd8 22.
Nf5 d5 23. Ne7+ Kf8 24. Nc6 Rbc8 25. Nxd8 Rxd8 26. Nd4 Nxd4 27. Rxd4 Rc8 28. Re2 Rc3 29. Kf1 g6 30. Ke1 a5 31. a3 a4 32. Kd2 Rc6 33.
Rb4 Rc5 34. Re3 axb3 35. cxb3 Rc6 36. Rxb5 Rd6 37. a4 Kg7 38. a5 Nd7 39. b4 Kf6 40. Rb7 d4 41. Rf3+ Ke6 42. b5 Ne5 43. a6 Nc4+ 44.
Kd3 Ne5+ 45. Kd2 Nc4+ 46. Kc1 d3 47. Re3+ Kf6 48. Kd1 Nb2+ 49. Kd2 Nc4+ 50. Kd1 Nb2+ 51. Kd2 Nc4+ 52. Kc3 d2 53. Rf3+ Kg5 54. h4+ Kh5 55. g4+ Kxg4 56. Rg3+ Kxh4 57. Rg1 d1=Q 58. Rxd1 Rxd1 59.
Kxc4 Rc1+ 60. Kd5 1-0

[Event "*** Titled Tuesday Blitz"]
[Site "Chess.com"]
[Date "2020.05.05"]
[Round "2"]
[White "Yaacovn"]
[Black "Balla_Tamas"]
[Result "1-0"]
[WhiteElo "2865"]
[BlackElo "2555"]
[TimeControl "180+1"]
[EndTime "10:19:39 PDT"]
[Termination "Yaacovn won on time"]

1. d4 f5 2. Nf3 Nf6 3. g3 e6 4. Bg2 d5 5. O-O c6 6. b3 Nbd7 7. c4 Bd6 8. Qc2 Qe7 9. cxd5 cxd5 10. Nc3 a6 11. Bf4 Bxf4 12. gxf4 O-O 13. Rac1 b6 14. Na4 b5 15. Nc5 Nxc5 16. Qxc5 Ra7 17. Ne5 Qxc5 18. Rxc5 Bd7 19. Rfc1 Ne8 20. e3 g6 21. Bf1 Kg7 22. Bd3 Kf6 23. f3 Ke7 24.
Kf2 Kd6 25. h4 Nf6 26. a3 Rb8 27. Be2 Be8 28. Ke1 Rab7 29. Kd2 Ra7 30. Kc3 a5 31. Kd2 b4 32. a4 Bd7 33. Bb5 Bxb5 34. axb5 Rab7 35.
Rc6+ Ke7 36. Ra6 Rxb5 37. Rcc6 Ng8 38. Rxe6+ Kf8 39. Ra7 R8b7 40. Ra8+ Kg7 41. Rea6 Nf6 42. Rxa5 Rxa5 43. Rxa5 Rc7 44. Rb5 Nh5 45. Rxd5 Ng3 46.
Rc5 Ra7 47. d5 Ra2+ 48. Kd3 Nf1 49. Kc4 Nxe3+ 50. Kxb4 Rd2 51. Nc4 Nxd5+ 52. Ka3 Rd4 53. b4 Nxb4 54. Kxb4 Rxf4 55. Rc7+ Kh6 56. Kc5 Rxf3 57.
Ne5 Rf4 58. h5 Kxh5 59. Rxh7+ Kg5 60. Kd5 Re4 61. Rh1 Kf6 62. Nd7+ Kg7 63. Rg1 Re7 64. Ne5 Kh6 65. Rxg6+ Kh7 66. Rg1 Rg7 67. Rh1+ Kg8 68. Ke6 f4 69. Kf6 f3 70. Rf1 Rg3 71. Ng6 Rh3 72. Rc1 Kh7 73. Rc8 1-0

[Event "*** Titled Tuesday Blitz"]
[Site "Chess.com"]
[Date "2020.05.05"]
[Round "2"]
[White "Kislov_Oleg"]
[Black "crackcubano"]
[Result "1/2-1/2"]
[WhiteElo "2318"]
[BlackElo "2620"]
[TimeControl "180+1"]
[EndTime "10:19:39 PDT"]
[Termination "Game drawn - insufficient material"]

1. e4 c5 2. Nf3 d6 3. c3 Nf6 4. Be2 g6 5. O-O Bg7 6. Re1 O-O 7. Bf1 Nc6 8. h3 e5 9. d4 b6 10. d5 Ne7 11. Nbd2 Ne8 12. Nc4 h6 13. a4 f5 14.
exf5 gxf5 15. Nfxe5 dxe5 16. d6 Nxd6 17. Nxd6 Be6 18.
Bc4 Bxc4 19. Nxc4 Qxd1 20. Rxd1 Rad8 21. Be3 f4 22. Rxd8 Rxd8 23. Bd2 Ng6 24. f3 e4 25.
fxe4 Ne5 26. Nxe5 Rxd2 27. Nc4 Re2 28. e5 Bxe5 29. Kf1 Re4 30. Nxe5 Rxe5 31. Re1 Rd5 32. Re7 Rd2 33. Rxa7 Rxb2 34. Rb7 Ra2 35. Rxb6 Rxa4 36. Rxh6 Rc4 37. Rh4 Kg7 38. g3 Rxc3 39. gxf4 Kf6 40. Kf2 Kf5 41. Ke2 c4 42. Kd2 Rf3 43. Kc2 Rg3 44.
Rg4 Rxh3 45. Rg8 Ke4 46. Rc8 Kd4 47. Rd8+ Kc5 48. Rc8+ Kd5 49. Rd8+ Ke4 50. Rc8 Kd4 51.
Rd8+ Ke3 52. Re8+ Kxf4 53. Rc8 c3 54. Rxc3 Rh2+ 55. Kb3 Ke5 56. Rc2 Rh4 57. Rc3 Kd5 58. Rd3+ Kc5 59. Rc3+ Kb5 60. Rg3 Rh5 61. Rf3 Rd5 62.
Re3 Rd4 63. Rf3 Rb4+ 64. Kc3 Ra4 65. Rf5+ Kc6 66. Kb3 Re4 67. Rf6+ Kc5 68. Rf3 Re6 69. Rc3+ Kb5 70. Rg3 Re5 71. Rd3 Ka5 72. Kc4 Rb5 73.
Rd5 Rxd5 74. Kxd5 1/2-1/2

[Event "*** Titled Tuesday Blitz"]
[Site "Chess.com"]
[Date "2020.05.05"]
[Round "2"]
[White "Vuk2000"]
[Black "Ceejay271"]
[Result "0-1"]
[WhiteElo "2629"]
[BlackElo "2378"]
[TimeControl "180+1"]
[EndTime "10:19:40 PDT"]
[Termination "Ceejay271 won by resignation"]

1. e4 c5 2. g3 d5 3. exd5 Qxd5 4. Nf3 Bg4 5. Bg2 Qe6+ 6. Kf1 Nc6 7. h3 Bh5 8. d3 Nf6 9. Nc3 Qd7 10. Be3 e6 11.
Qd2 Be7 12. g4 Bg6 13. Nh4 Nd5 14. Nxd5 exd5 15. Bg5 O-O-O 16. Re1 Bxg5 17. Qxg5 f6 18. Qd2 Bf7 19. f4 Rhe8 20. Kf2 g6 21. Nf3 Qd6 22.
d4 c4 23. c3 Re4 24. Rxe4 dxe4 25. Ne1 f5 26. g5 Ne7 27. Nc2 Nd5 28. Kg3 Re8 29.
Rf1 h6 30. h4 hxg5 31. hxg5 Qb6 32. Na3 Qc7 33. Qe2 Ne7 34. Nb5 Qb6 35. a4 a6 36.
Na3 Qb3 37. a5 Kb8 38. Rh1 Nc6 39. Rh7 Bd5 40. Rd7 Rd8 41. Rxd8+ Nxd8 42. Bf1 Nc6 43. Qc2 Qxc2 44. Nxc2 Nxa5 45. Ne3 Bf7 46. Bh3 b5 47.
Nxf5 gxf5 48. Bxf5 e3 49. g6 Bg8 50. Be4 Kc7 51.
f5 Kd6 52. Kf3 Ke7 53. Kxe3 Kf6 54. d5 Nb7 55. Kd4 Nd6 56. Bc2 Nxf5+ 57. Bxf5 Kxf5 58. d6 Ke6 59. Kc5 Kd7 60. g7 Bf7 61. Kb6 Kxd6 62. Kxa6 Kc5 63. Ka5 Bg8 64. Ka6 Bh7 65. Ka5 Bg8 66. Ka6 b4 67. Ka5 b3 68. Ka4 Kd5 69. Kb4 Ke4 0-1

[Event "*** Titled Tuesday Blitz"]
[Site "Chess.com"]
[Date "2020.05.05"]
[Round "2"]
[White "AryanTari"]
[Black "evgenyermolaev"]
[Result "0-1"]
[WhiteElo "2870"]
[BlackElo "2583"]
[TimeControl "180+1"]
[EndTime "10:19:41 PDT"]
[Termination "evgenyermolaev won by checkmate"]

1. c4 e5 2. Nc3 Nc6 3. Nf3 f5 4. d4 e4 5. Ng5 h6 6. Nh3 g5 7. f3 Nf6 8. fxe4 fxe4 9. e3 Bg7 10. Be2 O-O 11. O-O d6 12. Nf2 Qe8 13. Nd5 Nxd5 14. cxd5 Ne7 15. Bh5 Qb5 16. Nxe4 Qxf1+ 17. Qxf1 Rxf1+ 18. Kxf1 Nxd5 19. Nc3 Nf6 20. Bg6 Bd7 21. Ke2 Be8 22.
Bf5 Bh5+ 23. Kd3 Kf7 24. Bd2 Bg6 25. Rf1 c6 26. e4 Re8 27. Bxg6+ Kxg6 28. h3 Nd7 29. b4 c5 30. Be3 cxd4 31. Bxd4 Ne5+ 32. Bxe5 Bxe5 33. Nd5 Kg7 34. Rc1 Rf8 35. Ke2 Bd4 36. Rc4 Be5 37. b5 h5 38. a4 g4 39. hxg4 hxg4 40.
a5 g3 41. Rc7+ Kg6 42. Ne3 Rf2+ 43. Kd3 Ra2 44. Rxb7 Rxa5 45. Nc4 Ra2 46. Ne3 Bf4 47. Nd5 Be5 48. Ne3 Bf4 49. Nf5 Rxg2 50. Rxa7 Rd2+ 51. Kc3 g2 52. Rg7+ Kf6 53. Rg8 Bg5 54. Rf8+ Ke5 55.
Ng7 g1=Q 56. Rf5+ Kxe4 57. b6 Qd4+ 58. Kb3 Rb2+ 59. Ka3 Qb4# 0-1

[Event "*** Titled Tuesday Blitz"]
[Site "Chess.com"]
[Date "2020.05.05"]
[Round "2"]
[White "salomez"]
[Black "Nikolaj_6"]
[Result "0-1"]
[WhiteElo "2232"]
[BlackElo "2609"]
[TimeControl "180+1"]
[EndTime "10:19:41 PDT"]
[Termination "Nikolaj_6 won on time"]

1. e4 c5 2. Nf3 d6 3. d4 cxd4 4. Nxd4 Nf6 5. Nc3 a6 6. Bc4 e6 7.
Bb3 b5 8. Qf3 Qb6 9. Be3 Qb7 10.
O-O Be7 11. Qg3 O-O 12. f3 Bd7 13. Bh6 Ne8 14. Rfd1 Kh8 15. Bg5 Bxg5 16. Qxg5 Nc6 17.
Nce2 Rc8 18. c3 Qc7 19. f4 Nf6 20. Bc2 Nxd4 21. Nxd4 e5 22. Nf3 h6 23. Qh4 b4 24.
fxe5 dxe5 25. Rd3 Bb5 26. Re3 Qc5 27. Re1 bxc3 28. bxc3 Bd7 29. h3 Be6 30. Qg3 Nd7 31.
Nh4 Rb8 32. Bb3 Bxb3 33. axb3 Rxb3 34. Kh2 Rb6 35. Qg4 Nf6 36. Qf3 Nh7 37. Nf5 Ng5 38. Qh5 Rg6 39. h4 Ne6 40. Qf3 a5 41. g3 a4 42. h5 Rg5 43. Qd1 a3 44. Qd5 Qxd5 45. exd5 Rxh5+ 46. Kg2 Rxf5 47. dxe6 fxe6 48. Ra1 Ra8 49.
c4 a2 50. Re2 Ra4 51. Raxa2 Rxc4 52. Ra6 Rc3 0-1

[Event "*** Titled Tuesday Blitz"]
[Site "Chess.com"]
[Date "2020.05.05"]
[Round "2"]
[White "LawrenceTrent"]
[Black "FeketeBarika"]
[Result "0-1"]
[WhiteElo "2521"]
[BlackElo "2296"]
[TimeControl "180+1"]
[EndTime "10:19:41 PDT"]
[Termination "FeketeBarika won by checkmate"]

1. d4 e6 2. e4 d5 3. Nd2 Be7 4. Ngf3 Nf6 5. e5 Nfd7 6. c3 c5 7.
Bd3 b6 8. O-O Ba6 9. Bxa6 Nxa6 10. a3 O-O 11. Re1 Rc8 12. Nf1 Nab8 13. Ng3 Nc6 14. h3 Qc7 15. Bg5 Bxg5 16. Nxg5 h6 17.
Nf3 cxd4 18. cxd4 Na5 19. Nh2 Qc4 20. Re3 Qc2 21. Qg4 Nc4 22. Nh5 Qg6 23. Rg3 Qxg4 24.
Nxg4 Kh7 25. b3 Nd2 26. f3 Nxb3 27. Rd1 Rc3 28. Nxg7 Kxg7 29. Nf6+ Kh8 30. Nxd7 Rfc8 31. Nf6 Rc1 32. Rxc1 Nxc1 33. Rg4 Ne2+ 34. Kf2 Nc1 35. Ke3 Nb3 36. h4 a5 37. h5 b5 38. Rh4 b4 39. axb4 a4 40. Rg4 a3 41. Kf4 a2 42.
Kg3 a1=Q 43. Kh4 Qe1+ 44. Rg3 Qf2 45. Kh3 Nxd4 46. Ng4 Qe1 47. Nxh6 Qh1+ 48. Kg4 Nf5 49. Rh3 Nxh6+ 50. Kg5 Qc1+ 51. f4 Rg8+ 52. Kf6 Qxf4+ 53. Ke7 Qg5+ 54. Kd6 Qd8+ 55. Kc5 Qc8+ 56. Kd4 Nf5+ 57. Kd3 Qc4+ 58. Kd2 Qd4+ 59. Ke2 Rxg2+ 60. Kf3 Qf2# 0-1

[Event "*** Titled Tuesday Blitz"]
[Site "Chess.com"]
[Date "2020.05.05"]
[Round "2"]
[White "Funkmaus"]
[Black "Redbandit87"]
[Result "1/2-1/2"]
[WhiteElo "2218"]
[BlackElo "2436"]
[TimeControl "180+1"]
[EndTime "10:19:41 PDT"]
[Termination "Game drawn by repetition"]

1. d4 d5 2. c4 e6 3. Nf3 Nf6 4. Nc3 Bb4 5. a3 Bxc3+ 6. bxc3 b6 7. Bg5 Bb7 8. cxd5 exd5 9. e3 O-O 10. Bd3 Nbd7 11. O-O h6 12. Bh4 Re8 13. a4 c5 14.
Bb5 Qc7 15. Ne5 Rxe5 16. dxe5 Qxe5 17. c4 d4 18. Bxd7 Nxd7 19. Qg4 dxe3 20. fxe3 Qxe3+ 21.
Bf2 Qe7 22. Rae1 Nf6 23. Qh4 Qc7 24. Be3 Qc6 25. Qg3 Nh7 26. Bxh6 g6 27. Bf4 Nf6 28. Be5 Nh7 29. h4 Re8 30. h5 g5 31.
h6 Qxh6 32. Bd6 Rxe1 33. Rxe1 Qg6 34. Re8+ Kg7 35. Re1 Qf6 36. Rf1 Qd4+ 37. Kh1 Qe4 38. Be5+ Kg6 39. Bd6 f6 40. Qf3 Qxf3 41. gxf3 f5 42. Bb8 Nf6 43. Bxa7 Ba6 44. Bxb6 Bxc4 45. Rc1 Bd5 46. Rxc5 Bxf3+ 47. Kg1 Ne4 48. Rc6+ Kh5 49. Rc7 g4 50. a5 Kg5 51. a6 g3 52. a7 Nf6 53.
Rg7+ Kf4 54. Bc7+ Ke4 55. Bxg3 Ng4 56. Rg8 Ke3 57. a8=Q Bxa8 58. Rxa8 f4 59. Bh4 Kf3 60.
Rf8 Ne5 61. Bg5 Nd3 62. Kh2 Kg4 63. Bh6 f3 64. Be3 Ne5 65. Bf2 Ng6 66. Rg8 Kf5 67. Kg3 Ne5 68. Rf8+ Ke4 69. Re8 Kf5 70.
Rf8+ Ke4 71. Re8 Kf5 72. Rf8+ 1/2-1/2

[Event "*** Titled Tuesday Blitz"]
[Site "Chess.com"]
[Date "2020.05.05"]
[Round "2"]
[White "theblitzchamp"]
[Black "boasovietica"]
[Result "1-0"]
[WhiteElo "2676"]
[BlackElo "2469"]
[TimeControl "180+1"]
[EndTime "10:19:42 PDT"]
[Termination "theblitzchamp won on time"]

1. d4 Nf6 2. Bf4 g6 3. Nc3 d5 4. e3 Bg7 5. h4 c5 6. h5 Nxh5 7.
Rxh5 gxh5 8. Qxh5 Be6 9. O-O-O Nc6 10. Nf3 cxd4 11. exd4 Qd7 12. Bb5 O-O-O 13. Na4 Bg4 14. Qxf7 Qf5 15. Qxf5+ Bxf5 16. Re1 Be4 17. c3 Rhf8 18. Bg3 Bh6+ 19. Kd1 Bf4 20. Bh4 Bxf3+ 21. gxf3 Bd6 22. Re3 Rf7 23. Bg3 Kc7 24. Nc5 Rg8 25.
Ne6+ Kb6 26. Bxd6 exd6 27. Bd3 Re7 28. f4 Nd8 29. f5 Nxe6 30. fxe6 Rf8 31. Ke2 Rf6 32.
Kf1 h6 33. Rh3 Rexe6 34. Rh5 Kc6 35. b4 a6 36. a4 b5 37. axb5+ axb5 38. Bc2 Re7 39.
Bb3 Kb6 40. Bxd5 Rc7 41. Rh3 Rc8 42. Be4 Rcf8 43. Ke2 Rf4 44. f3 R4f6 45. Rh5 R8f7 46. Kd2 Ra7 47. Ke3 Ra1 48. Bd3 Rc1 49. Rxb5+ Kc6 50. Kd2 Rh1 51. Ra5 h5 52. Be4+ Kb6 53. c4 h4 54. Rh5 h3 55. c5+ dxc5 56. bxc5+ Kc7 57. Rh7+ Kd8 58. c6 h2 59. f4 Rf7 60.
Rh8+ Ke7 61. Bxh1 Rxf4 62. Ke3 Rf1 63. Rxh2 1-0

[Event "*** Titled Tuesday Blitz"]
[Site "Chess.com"]
[Date "2020.05.05"]
[Round "2"]
[White "WinningButNotReally"]
[Black "Dinamo81"]
[Result "1/2-1/2"]
[WhiteElo "2445"]
[BlackElo "2658"]
[TimeControl "180+1"]
[EndTime "10:19:43 PDT"]
[Termination "Game drawn - insufficient material"]

1. Nf3 d5 2. c4 e6 3. g3 a6 4. Bg2 dxc4 5. O-O Nf6 6. Qc2 c5 7. Ne5 Ra7 8. a4 b6 9. Nxc4 Bb7 10. e4 Nc6 11. Qb3 Nb4 12. Nc3 Be7 13. Rd1 O-O 14.
d3 Bc6 15. h3 Ba8 16. Be3 Rd7 17. Ne5 Rd6 18. Ne2 Qc7 19. Nc4 Rd7 20. d4 Rfd8 21.
dxc5 bxc5 22. Bf4 Qb7 23. Ne5 Rxd1+ 24. Rxd1 Rxd1+ 25. Qxd1 Nxe4 26. Nc4 Qd5 27. Qxd5 Bxd5 28. Bxe4 Bxe4 29. Bd6 Bxd6 30. Nxd6 Bc6 31. a5 Nd3 32. b3 Bd5 33. Nc3 Bxb3 34. Kf1 Kf8 35. Ke2 Nb4 36. Nb7 Bc4+ 37. Ke3 Nc6 38. Nxc5 Nxa5 39. Kd4 Bf1 40. h4 Nc6+ 41. Ke4 Ke7 42. N3a4 f5+ 43. Ke3 e5 44. f4 Bb5 45. Nb6 exf4+ 46. Kxf4 g6 47. Nb3 a5 48. Nd5+ Kf7 49. Nc3 Bc4 50. Nc5 Be6 51. Nb5 Bc4 52. Nd6+ Ke7 53. Nxc4 Kf6 54. Nd7+ Ke7 55. Nde5 Nd4 56.
Nxa5 Ne6+ 57. Ke3 Kf6 58. Nac4 h6 59. Nd7+ Ke7 60. Nde5 Kf6 61. Nf3 g5 62. Nd6 f4+ 63. gxf4 Nxf4 64. Ne4+ Kf5 65. Nd4+ Kg4 66. hxg5 hxg5 67.
Nf6+ Kg3 68. Nf5+ Kh3 69. Ne4 Ng2+ 70. Kf2 Nh4 71. Nxg5+ Kg4 72. Nxh4 1/2-1/2

[Event "*** Titled Tuesday Blitz"]
[Site "Chess.com"]
[Date "2020.05.05"]
[Round "2"]
[White "IsikCan"]
[Black "Chessmatus"]
[Result "0-1"]
[WhiteElo "2626"]
[BlackElo "2369"]
[TimeControl "180+1"]
[EndTime "10:19:43 PDT"]
[Termination "Chessmatus won by resignation"]

1. e4 e5 2. Nf3 Nc6 3. Bb5 Nf6 4. d3 Bc5 5. Bxc6 dxc6 6. h3 Be6 7. Nc3 Nd7 8. Be3 Qe7 9. Qd2 f6 10. a3 Bd6 11. Qe2 a5 12. d4 Nb6 13. Nd2 exd4 14.
Bxd4 Qf7 15. O-O O-O 16. f4 f5 17. Rae1 Rae8 18. e5 Be7 19. Qf2 Nc4 20. Nd1 Rd8 21. Nxc4 Bxc4 22. Bc3 Bxf1 23. Qxf1 Qe6 24. Kh1 b6 25.
Ne3 c5 26. Qf3 Rd7 27. Rg1 Kh8 28. g4 fxg4 29. hxg4 Qh6+ 30. Kg2 Qxf4 31. Qxf4 Rxf4 32. e6 Rd8 33. Nf5 Bf6 34. Kg3 Re4 35. Bxf6 gxf6 36. e7 Re8 37. Rf1 R4xe7 38. Nxe7 Rxe7 39. Rxf6 Re2 40. c4 Rxb2 41. Rc6 Rb3+ 42. Kf4 Rxa3 43. Rxc7 Rc3 44.
Kg5 a4 45. Ra7 a3 46. Kh6 Rh3+ 47. Kg5 Kg8 48. Kf6 Rf3+ 49. Kg5 Kf8 50. Kh6 Rh3+ 51. Kg5 Ke8 52. Kf6 Kd8 53. Ke6 Kc8 54. Kd6 Kb8 55.
Ra4 Kb7 56. Ke6 Rb3 57. Kf7 Rh3 58. Kg7 b5 59. Ra5 bxc4 60. Rxc5 a2 61. Ra5 Rh2 62.
Kf6 Kb6 63. Ra8 Kb5 64. Ke5 Kb4 65. Kd4 Rd2+ 66. Ke3 Rd3+ 67. Ke2 Ra3 0-1

[Event "*** Titled Tuesday Blitz"]
[Site "Chess.com"]
[Date "2020.05.05"]
[Round "2"]
[White "temus_galaktionov"]
[Black "DaggiGretarsson"]
[Result "1-0"]
[WhiteElo "2775"]
[BlackElo "2520"]
[TimeControl "180+1"]
[EndTime "10:19:45 PDT"]
[Termination "temus_galaktionov won on time"]

1. d4 g6 2. Nf3 Bg7 3. c4 e6 4. Nc3 Ne7 5. e4 d5 6. e5 Nbc6 7. Bg5 h6 8. Bf4 b6 9. Qd2 Bb7 10. Be2 g5 11. Be3 dxc4 12. Bxc4 Nf5 13. Rd1 g4 14.
Ng1 Nce7 15. Bb5+ Kf8 16. Bf1 h5 17. h3 g3 18. Nf3 Bxf3 19. gxf3 Nh4 20. Ke2 g2 21.
Bxg2 Nxg2 22. Bg5 Qc8 23. Kf1 Rg8 24. Kxg2 f6 25. exf6 Bxf6 26. h4 Nf5 27. Ne4 Bxd4 28. Qf4 Qd7 29. Nf6 Qd6 30. Qxd6+ cxd6 31. Nxg8 Kxg8 32.
b3 Kf7 33. Rc1 Bc5 34. f4 a5 35. Kf3 Nd4+ 36. Ke4 Nc6 37. Rh2 d5+ 38. Kd3 Nb4+ 39. Ke2 Nxa2 40. Rg1 Nc3+ 41. Kd3 Ne4 42. Ke2 a4 43.
bxa4 Rxa4 44. Rhg2 Nxf2 45. Bh6 Ng4 46. Bg5 Bxg1 47. Rxg1 b5 48. Rc1 Rc4 49. Ra1 b4 50. Ra7+ Kg6 51. Rb7 Kf5 52. Kd3 Rc3+ 53. Kd4 Rc4+ 54.
Kd3 Nf2+ 55. Ke3 Ne4 56. Rf7+ Kg4 57. Rb7 Nc5 58. Rb6 b3 59. Be7 Rc2 60. Bxc5 1-0

[Event "*** Titled Tuesday Blitz"]
[Site "Chess.com"]
[Date "2020.05.05"]
[Round "2"]
[White "amiralfio"]
[Black "vinniethepooh"]
[Result "0-1"]
[WhiteElo "2471"]
[BlackElo "2681"]
[TimeControl "180+1"]
[EndTime "10:19:45 PDT"]
[Termination "vinniethepooh won by checkmate"]

1. Nf3 d5 2. e3 Nf6 3. b3 Bf5 4. Bb2 e6 5. Be2 h6 6. O-O Nbd7 7. c4 c6 8. Nc3 Be7 9. h3 O-O 10. d3 Bh7 11. a3 a6 12. b4 c5 13. Qb3 dxc4 14.
dxc4 Qc7 15. Rfd1 Rfd8 16. Bd3 Bxd3 17. Rxd3 Nb6 18. Rxd8+ Rxd8 19. b5 a5 20. Ne2 Ne4 21. Qc2 Bf6 22. Qxe4 Bxb2 23. Rb1 Bxa3 24. g4 Bb4 25.
Nf4 a4 26. Ne5 a3 27. Ned3 Bc3 28. Nc1 Rd1+ 29. Kg2 Rxc1 30. Rxc1 a2 31. Nxe6 Qe7 32. Nxc5 Qxc5 33. Qxb7 a1=Q 34. Rxa1 Bxa1 35. h4 g6 36. h5 g5 37. Qe4 Kg7 38. Qb7 Bf6 39. Qf3 Qxc4 40.
Qc6 Qxc6+ 41. bxc6 Be5 42. f4 Bc7 43. Kf3 gxf4 44. exf4 Nd5 45. Ke4 Nxf4 46. Kf5 Ne6 47. Ke4 Kf6 48. Kd5 Nd8 49. Ke4 Nxc6 50. Kd5 Ne7+ 51.
Ke4 Kg5 52. Kf3 f5 53. Kg2 fxg4 54. Kf1 Kxh5 55. Kg1 Kg5 56. Kf1 h5 57. Ke2 h4 58.
Kd3 Nf5 59. Kc3 h3 60. Kc4 h2 61. Kb3 h1=Q 62. Kc3 Qe4 63. Kb3 Be5 64. Ka3 Qd4 65.
Kb3 Nd6 66. Ka3 Qc3+ 67. Ka2 Qb2# 0-1

[Event "*** Titled Tuesday Blitz"]
[Site "Chess.com"]
[Date "2020.05.05"]
[Round "2"]
[White "turayev_shahruh17"]
[Black "Chepaschess"]
[Result "1-0"]
[WhiteElo "2531"]
[BlackElo "2730"]
[TimeControl "180+1"]
[EndTime "10:19:47 PDT"]
[Termination "turayev_shahruh17 won by resignation"]

1. e4 c5 2. Nc3 d6 3. f4 g6 4. Nf3 Bg7 5. Bc4 Nc6 6. O-O e6 7.
Qe1 Nge7 8. d3 O-O 9. f5 d5 10. Bb3 dxe4 11. dxe4 exf5 12. Qh4 h5 13. Bg5 c4 14. Bxc4 Qb6+ 15. Kh1 Qxb2 16. Bf6 Qb4 17.
Bb3 fxe4 18. Nxe4 Nf5 19. Qf4 Be6 20. Bxg7 Kxg7 21. Bxe6 fxe6 22. Nfg5 Qe7 23. Rae1 Nfd4 24. Qd2 Rad8 25. Rxf8 Rxf8 26. c3 Nf5 27. Nc5 e5 28.
Nce6+ Kh8 29. Nxf8 Qxf8 30. Qd7 Qe7 31. Qxe7 Nfxe7 32. Nf7+ Kg7 33. Nxe5 Kf6 34. Nxc6 Nxc6 35. Kg1 b6 36.
Kf2 Ne5 37. Ke2 Ke6 38. h3 Kd5 39. Kd2 Nc4+ 40. Kd3 Ne5+ 41. Kc2 b5 42. Rf1 a5 43.
Rf8 a4 44. Rb8 Kc5 45. Rc8+ Kd5 46. Kd2 Nc4+ 47. Kd3 Ne5+ 48. Ke3 Nc4+ 49. Kf4 Nd6 50. Rc7 Nf5 51. Kg5 Ne3 52. Kxg6 Nxg2 53. Kxh5 Ke4 54. Kg4 Kd3 55. h4 Nxh4 56. Kxh4 Kc2 57. Rc5 Kb2 58. Rxb5+ Kxa2 59. c4 a3 60. c5 Ka1 61. c6 a2 62. Ra5 Kb2 63. Rxa2+ 1-0

[Event "*** Titled Tuesday Blitz"]
[Site "Chess.com"]
[Date "2020.05.05"]
[Round "2"]
[White "shnitez"]
[Black "A-Fier"]
[Result "0-1"]
[WhiteElo "2525"]
[BlackElo "2791"]
[TimeControl "180+1"]
[EndTime "10:19:48 PDT"]
[Termination "A-Fier won on time"]

1. e4 c5 2. Nf3 e6 3. b3 Nc6 4. Bb2 a6 5. g3 Qc7 6. Bg2 Nf6 7. e5 Ng4 8. Qe2 Be7 9. h3 Nh6 10. g4 b6 11. Nc3 Bb7 12. Ne4 O-O-O 13. Nd6+ Bxd6 14. exd6 Qxd6 15. Bxg7 Qf4 16. Qe3 Qxe3+ 17. dxe3 Nb4 18. O-O-O Nxa2+ 19. Kb2 Nb4 20. Bxh6 Rhg8 21. Bg5 Rdf8 22. Be7 Re8 23. Bf6 Nd5 24. Be5 f5 25. g5 Ne7 26. h4 h5 27. Ne1 d5 28.
Nd3 Ng6 29. Bf6 e5 30. c4 d4 31.
Bxb7+ Kxb7 32. exd4 cxd4 33. f4 e4 34. Ne5 d3 35.
Nxg6 Rxg6 36. Kc3 Rgg8 37. Kd4 Kc6 38. Ra1 a5 39. Rhb1 Ra8 40. b4 axb4 41. Rxa8 Rxa8 42. g6 Kd7 43. g7 Ke6 44. Be5 Kf7 45. Ke3 Ra2 46.
Bb2 Kg8 47. Kd2 Ra7 48. Ke3 Ra2 49. Kd2 Ra7 50. Ra1 Rxa1 51. Bxa1 b3 52. Bb2 Kf7 53. Ke3 Kg8 54. Kd2 Kf7 55. Bd4 Kg8 56. Kc3 Kf7 57. Kxb3 Kg8 58. Kc3 Kf7 59. Kd2 Kg8 60. Bxb6 Kxg7 61.
Bd4+ Kf7 62. c5 Ke6 63. Be5 Kd5 64. Bd4 Kxd4 65. c6 e3+ 66. Kc1 Ke4 67. c7 Kf3 68.
c8=Q Kf2 69. Qxf5 d2+ 70. Kc2 e2 0-1

[Event "*** Titled Tuesday Blitz"]
[Site "Chess.com"]
[Date "2020.05.05"]
[Round "2"]
[White "EddieMarsalla"]
[Black "Grandelicious"]
[Result "0-1"]
[WhiteElo "2519"]
[BlackElo "2775"]
[TimeControl "180+1"]
[EndTime "10:19:49 PDT"]
[Termination "Grandelicious won on time"]

1. d4 Nf6 2. Bg5 Ne4 3. Bf4 d5 4. c3 c6 5. Nd2 Bf5 6. Ngf3 e6 7. e3 Be7 8. Qb3 Qc8 9. Be2 O-O 10. O-O c5 11. Nxe4 Bxe4 12. Nd2 Bg6 13. Rfe1 Nc6 14. Bf3 h6 15. Nf1 a6 16. Qd1 b5 17. a3 a5 18. Rc1 Qd7 19. dxc5 Bxc5 20. e4 Rad8 21. exd5 exd5 22. Be3 Bxe3 23. Nxe3 d4 24. Bxc6 Qxc6 25. cxd4 Qd6 26. d5 Rfe8 27. h3 Qe5 28. Qd2 a4 29. Ng4 Qd6 30. Qd4 Rxe1+ 31. Rxe1 Kh7 32. Ne3 f5 33. f4 Re8 34. g3 Re4 35. Qd2 Qc5 36. Kf2 Bf7 37. Rc1 Qa7 38. d6 Rd4 39. Qc2 Rxd6 40. Rd1 Bb3 41. Qxf5+ g6 42. Rxd6 gxf5 43.
g4 Qc5 44. Rd7+ Kg8 45. gxf5 Qc1 46. f6 Qxb2+ 47. Kg3 Qxf6 48. Ng4 Qc3+ 49. Kh4 Be6 50. Re7 Bxg4 51. Kxg4 Qxa3 52. Re8+ Kf7 53. Re5 Qd6 54. Rf5+ Kg6 55. Rxb5 Qd7+ 56. f5+ Kf7 57. Rb6 a3 58. Rxh6 Qd4+ 59. Kh5 a2 60. Rh7+ Kf6 61. Rh6+ Kxf5 62. Ra6 a1=Q 0-1

[Event "*** Titled Tuesday Blitz"]
[Site "Chess.com"]
[Date "2020.05.05"]
[Round "2"]
[White "orkan85"]
[Black "WoolworthsManly"]
[Result "1-0"]
[WhiteElo "2490"]
[BlackElo "2671"]
[TimeControl "180+1"]
[EndTime "10:19:49 PDT"]
[Termination "orkan85 won by resignation"]

1. e4 e5 2. Nf3 Nc6 3. Bc4 Bc5 4. O-O Nf6 5. d3 d6 6. c3 a6 7. a4 Ba7 8. Re1 O-O 9. h3 h6 10. Nbd2 Ne7 11. Bb3 Ng6 12. d4 Nh5 13. Nf1 Nhf4 14.
Be3 Qf6 15. Ng3 Be6 16. Bc2 c6 17. Nf5 Bb8 18. g3 Nxh3+ 19. Kg2 Ng5 20. Nxg5 hxg5 21.
Qh5 Bxf5 22. exf5 Nf4+ 23. gxf4 gxf4 24. Rh1 Qh6 25. Qg4 Qf6 26. dxe5 dxe5 27. Qh5 Qh6 28. Qg4 Qf6 29. Rh5 Rd8 30. Rah1 Kf8 31. Rh8+ Ke7 32. Bc5+ Bd6 33. Bxd6+ Kxd6 34. Rd1+ Kc7 35. Rdxd8 Rxd8 36. Rxd8 Kxd8 37. Be4 Kc7 38. b4 Qh6 39. Kf1 Qf6 40.
Ke2 b6 41. Qg2 a5 42. Qf3 Qd6 43. b5 cxb5 44. axb5 a4 45. Qd3 Qc5 46. Bc6 Qd6 47.
Qc4 Qe7 48. Qxa4 Qd8 49. Qa7+ Kd6 50. Qxf7 f3+ 51. Kxf3 e4+ 52. Ke3 Qg5+ 53. Kxe4 Qg4+ 54. Ke3 Qg5+ 55. Kd3 Qe7 56. Qd5+ Kc7 57. Qe6 Qd8+ 58. Qd7+ Qxd7+ 59. Bxd7 Kxd7 60. Kd4 Kd6 61. c4 Kd7 62. c5 Kc7 63. c6 Kd6 64. Kc4 Ke7 65.
Kd5 Ke8 66. Ke5 Kd8 67. f6 g6 68. f4 Ke8 69. Ke6 g5 70. fxg5 1-0